[Event "Israel-ch Disabled 2024"]
[Site "Haifa"]
[Date "2024.05.23"]
[Round "5.2"]
[White "Streltsov, Alexey"]
[Black "Shabtai, Ran"]
[Result "1-0"]
[ECO "B13"]
[WhiteElo "2292"]
[BlackElo "2046"]
[Annotator "RC"]
[PlyCount "69"]
[EventDate "2024.05.20"]
[EventType "swiss"]
[EventCountry "ISR"]
[SourceTitle "playchess.com"]
[Source "ChessBase"]
[SourceQuality "1"]
[TimeControl "1200+10"]

1. d4 d5 2. Bf4 Nf6 3. e3 c5 4. Nc3 cxd4 5. exd4 a6 6. Nf3 Nc6 7. Ne5 e6 8. Nxc6 bxc6 9. Na4 Bd6 10. Bxd6 Qxd6 11. Bd3 O-O 12. O-O e5 13. dxe5 Qxe5 14. h3 Rb8 15. b3 Qd6 16. c4 d4 17. c5 Qf4 18. Re1 a5 19. Re7 Be6 20. Nb6 Nd5 21. Nxd5 Bxd5 22. Ra7 Ra8 23. Rxa8 Rxa8 24. Qe2 g6 25. Rd1 Qg5 26. f3 Be6 27. Bc4 Bxh3 28. f4 Qg4 29. Rxd4 Qxe2 30. Bxe2 Be6 31. Bf3 a4 32. Rxa4 Rxa4 33. bxa4 Bxa2 34. Bxc6 Kf8 35. a5 1-0

[Event "Israel-ch Disabled 2024"]
[Site "Haifa"]
[Date "2024.05.23"]
[Round "5.3"]
[White "Rozhanski, Yosef"]
[Black "Shapiro, Benny"]
[Result "1-0"]
[ECO "A31"]
[WhiteElo "2127"]
[BlackElo "1896"]
[Annotator "RC"]
[PlyCount "71"]
[EventDate "2024.05.20"]
[EventType "swiss"]
[EventCountry "ISR"]
[SourceTitle "playchess.com"]
[Source "ChessBase"]
[SourceQuality "1"]
[TimeControl "1200+10"]

1. d4 Nf6 2. Nf3 c5 3. c4 cxd4 4. Nxd4 a6 5. Nc3 e5 6. Nc2 Bc5 7. e3 d6 8. Be2 O-O 9. O-O Be6 10. b3 Nc6 11. Bf3 Rc8 12. Bb2 h6 13. Qd2 Qc7 14. Rfd1 Rfd8 15. Rac1 Qb8 16. Nd5 Bxd5 17. Bxd5 Ne7 18. Bf3 d5 19. cxd5 Nexd5 20. Qe1 Bf8 21. Be2 b5 22. g3 g6 23. Bf1 Bg7 24. e4 Ne7 25. Bg2 Nc6 26. Ne3 Nd4 27. Rxc8 Qxc8 28. Nd5 Nxd5 29. exd5 Qc5 30. Kh1 Rxd5 31. Ba3 Qc6 32. Qe4 Qc2 33. Qxc2 Nxc2 34. Rxd5 Nxa3 35. Rd6 a5 36. Ra6 1-0

[Event "Israel-ch Disabled 2024"]
[Site "Haifa"]
[Date "2024.05.23"]
[Round "5.5"]
[White "Agmon, Yonatan"]
[Black "Gurbanov, Andrei"]
[Result "0-1"]
[ECO "A36"]
[WhiteElo "1807"]
[BlackElo "2296"]
[Annotator "RC"]
[PlyCount "74"]
[EventDate "2024.05.20"]
[EventType "swiss"]
[EventCountry "ISR"]
[SourceTitle "playchess.com"]
[Source "ChessBase"]
[SourceQuality "1"]
[TimeControl "1200+10"]

1. c4 e6 2. e4 c5 3. Nc3 a6 4. g3 Nc6 5. Bg2 Nf6 6. Nge2 Rb8 7. a4 h5 8. d4 cxd4 9. Nxd4 e5 10. Nf5 d6 11. Bg5 Bxf5 12. exf5 Nd4 13. Qd3 Be7 14. Be3 Nc6 15. h3 Nb4 16. Qd2 Qc8 17. O-O Qxc4 18. Rac1 Qd3 19. Rfd1 Qxf5 20. Nb5 axb5 21. Qxb4 bxa4 22. Qxa4+ Qd7 23. Qxd7+ Kxd7 24. Ba7 Ra8 25. Bb6 Bd8 26. Bxd8 Rhxd8 27. Bxb7 Rab8 28. Bc6+ Ke6 29. Rb1 Rb4 30. Kg2 h4 31. g4 d5 32. b3 Rd6 33. Ba4 d4 34. f3 Nd5 35. Rd2 Nc3 36. Ra1 g5 37. Ra3 Nb1 0-1